 Dungeon Crawl Stone Soup version 0.28.0 (console) character file.

Game seed: 6769446171998597747

6678 ryathie the Cleaver (level 11, -2/93 HPs)
             Began as a Gargoyle Berserker on Feb 16, 2022.
             Was a Priest of Trog.
             Slain by a fire elemental (9 damage)
             ... led by Azrael
             ... on level 1 of the Orcish Mines.
             The game lasted 00:19:03 (5844 turns).

ryathie the Cleaver (Gargoyle Berserker)            Turns: 5844, Time: 00:19:03

Health: -2/93      AC: 28    Str: 23    XL:     11   Next: 3%
Magic:  11/11      EV:  7    Int:  8    God:    Trog [***...]
Gold:   510        SH:  0    Dex: 11    Spells: 10/10 levels left

rFire   . . .      SeeInvis .   a - +0 battleaxe
rCold   . . .      Faith    .   (shield currently unavailable)
rNeg    + . .      Spirit   .   p - +0 plate armour
rPois   ∞          Reflect  .   g - +2 helmet
rElec   +          Harm     .   m - +1 cloak
rCorr   .          Rampage  .   (no gloves)
Will    .....                   (no boots)
Stlth   ..........              (no amulet)
HPRegen 0.25/turn               (no ring)
MPRegen 0.12/turn               (no ring)

@: berserking, very quick
A: sickness immunity, AC +8, negative energy resistance 1, electricity
resistance, torment resistance 1, petrification resistance
a: Renounce Religion, Berserk, Trog's Hand


You were on level 1 of the Orcish Mines.
You worshipped Trog.
Trog was most pleased with you.
You visited 3 branches of the dungeon, and saw 15 of its levels.
You also visited: Bailey.

You collected 510 gold pieces.

Inventory:

Hand Weapons
 a - a +0 battleaxe (weapon)
 s - a +0 war axe
Armour
 g - a +2 helmet (worn)
 m - a +1 cloak (worn)
 p - a +0 plate armour (worn)
Wands
 k - a wand of mindburst (8)
Scrolls
 b - a scroll of identify
 d - a scroll of silence {unknown}
 f - a scroll of holy word {unknown}
 j - a scroll of immolation {unknown}
 u - a scroll of amnesia {unknown}
 w - a scroll of magic mapping
Potions
 c - 2 potions of degeneration {unknown}
 e - 2 potions of heal wounds
 h - 4 potions of brilliance {unknown}
 i - 3 potions of cancellation
 l - a potion of lignification
 n - 2 potions of mutation {unknown}
 o - a potion of might {unknown}
 q - 3 potions of magic {unknown}
 r - 2 potions of haste {unknown}
 t - 2 potions of curing {unknown}
 v - a potion of berserk rage {unknown}


   Skills:
 * Level 4.5 Fighting
 + Level 12.3 Axes
 + Level 10.7 Armour
 - Level 1.5 Dodging


You had 10 spell levels left.
You didn't know any spells.
Your spell library was empty.

Dungeon Overview and Level Annotations

Branches:
Dungeon (11/15)            Temple (0/1) D:7            Lair (3/6) D:10
  Swamp (0/4) Lair:2          Orc (2/2) D:10         Bailey (visited)
  Snake: Lair:2-4    Spider: Lair:2-4       Elf: Orc:2

Altars:
Hepliaklqana
Okawaru

Shops:
Orc:1 =   Orc:2 [

Annotations:
D:10 1 runed translucent door, FuzzyBison's ghost, journeyman GrMo


Innate Abilities, Weirdness & Mutations

You are immune to sickness and miasma.
Your stone body is resilient. (AC +8)
You are immune to poison.
You resist negative energy. (rN+)
You are resistant to electric shocks. (rElec)
You are resistant to unholy torment.
You are immune to petrification.


Message History

The orc warrior goes into a battle-frenzy!
An ogre comes into view. It is wielding a +0 giant club.
The orc warrior hits you from afar with a +2 halberd of freezing.
The orc warrior freezes you.
The ogre shouts!
You hear a shout!
You hear two shouts!
You hear a shout! x4
You hear two shouts! x2; You hear a shout!
The fire elemental completely misses you.
The fire elemental hits you. The fire elemental burns you!
The orc warrior hits you from afar with a +0 glaive!
The orc barely misses you. The orc warrior closely misses you.
The fire elemental barely misses you.
You climb upwards.
There is a stone staircase leading down here.
A red film seems to cover your vision as you go berserk!
You feel yourself moving faster!
You feel mighty! The fire elemental barely misses you.
The fire elemental hits you. The orc hits you but does no damage.
The fire elemental hits you. The fire elemental burns you!
You barely miss the fire elemental. You slash the orc!
You kill the orc!
Trog accepts your kill.
You hit the fire elemental but do no damage.
The fire elemental hits you. The fire elemental closely misses you.
You closely miss the fire elemental. x2; The fire elemental hits you.
The fire elemental burns you!
* * * LOW HITPOINT WARNING * * *
The fire elemental hits you.
You closely miss the fire elemental. x2; The fire elemental hits you.
The fire elemental burns you!
* * * LOW HITPOINT WARNING * * *
You closely miss the fire elemental. x2; The fire elemental hits you.
The fire elemental burns you!
* * * LOW HITPOINT WARNING * * *
The fire elemental hits you. The fire elemental burns you!
* * * LOW HITPOINT WARNING * * *
You slash the fire elemental!
The fire elemental is lightly damaged.
You barely miss the fire elemental. The fire elemental misses you.
The fire elemental hits you. The fire elemental burns you!
You die...

#
##.#..##.....#.#.####
#.#...............##
........##.......##
..∩.............## #
.................##.#
.#...................
....................#
.#..........E........#
##.....#....@......##
##.#......E)......#
#.#.#.........##.##
#...............###
##...#..#.......# ##
...###...... #.
........ #.......#


You could see 2 fire elementals.

Vanquished Creatures
  A two-headed ogre (D:10)
  3 cane toads
  2 komodo dragons
  A troll (D:10)
  A wyvern (Lair:2)
  3 vampire mosquitoes
  4 water moccasins
  2 hell hounds (Orc:1)
  6 orc warriors
  2 necrophages
  2 black bears
  2 ogres
  2 bullfrogs (Lair:2)
  A kobold brigand (D:11)
  3 scorpions
  11 killer bees
  2 centaur zombies
  A jelly (D:5)
  A bullfrog skeleton (D:6)
  2 hounds (D:5)
  Crazy Yiuf (D:7)
  5 orc priests
  2 centaur skeletons
  3 iguanas
  2 orc wizards
  Robin (D:3)
  9 gnolls (Bailey)
  An ufetubus (D:7)
  2 dart slugs
  45 orcs
  2 endoplasms
  A giant cockroach (D:2)
  6 goblins
  3 hobgoblins
  10 kobolds
  3 ball pythons
  A bat (D:3)
  A frilled lizard (D:3)
  A rat (D:3)
151 creatures vanquished.

Vanquished Creatures (collateral kills)
  A hydra (D:11)
1 creature vanquished.

Vanquished Creatures (others)
  8 fungi
  4 plants
12 creatures vanquished.

Grand Total: 164 creatures vanquished

Notes
Turn   | Place    | Note
-------+----------+-------------------------------------------
     0 | D:1      | ryathie the Gargoyle Berserker began the quest for the Orb.
     0 | D:1      | Reached XP level 1. HP: 14/14 MP: 1/1
   381 | D:3      | Found a faded altar of an unknown god.
   428 | D:2      | Found an iron altar of Okawaru.
   450 | D:2      | Reached skill level 3 in Axes
   450 | D:2      | Reached XP level 2. HP: 19/19 MP: 2/2
   450 | D:2      | Reached XP level 3. HP: 23/23 MP: 3/3
   548 | D:3      | Reached skill level 4 in Axes
   680 | D:4      | Noticed Robin
   820 | D:3      | Killed Robin
   821 | D:3      | Reached XP level 4. HP: 27/28 MP: 4/4
   960 | D:4      | Noticed a scorpion
   970 | D:4      | Killed a scorpion
   971 | D:4      | Reached skill level 5 in Axes
   971 | D:4      | Reached XP level 5. HP: 32/32 MP: 5/5
  1041 | D:4      | Noticed a black bear
  1058 | D:4      | Reached ** piety under Trog
  1097 | D:4      | Killed a black bear
  1135 | D:5      | Entered Level 5 of the Dungeon
  1143 | D:5      | Noticed a water moccasin
  1151 | D:5      | Killed a water moccasin
  1152 | D:5      | Reached skill level 6 in Axes
  1152 | D:5      | Reached XP level 6. HP: 28/37 MP: 6/6
  1383 | D:5      | Reached skill level 7 in Axes
  1383 | D:5      | Reached XP level 7. HP: 41/41 MP: 7/7
  1617 | D:5      | Reached skill level 8 in Axes
  1752 | D:6      | Reached XP level 8. HP: 45/46 MP: 8/8
  1825 | D:7      | Found a flagged portal.
  1837 | Bailey   | Entered a bailey
  2426 | Bailey   | Reached skill level 9 in Axes
  2900 | D:7      | Found a runed translucent door.
  2901 | D:7      | Noticed Crazy Yiuf
  2908 | D:7      | Killed Crazy Yiuf
  2994 | D:8      | You fall into a shaft and drop 2 floors!
  2994 | D:10     | Entered Level 10 of the Dungeon
  2995 | D:10     | Found a staircase to the Lair.
  3006 | Lair:1   | Entered Level 1 of the Lair of Beasts
  3006 | Lair:1   | Noticed a komodo dragon
  3006 | Lair:1   | Found a hazy altar of Hepliaklqana.
  3016 | Lair:1   | Killed a komodo dragon
  3017 | Lair:1   | Reached skill level 5 in Armour
  3017 | Lair:1   | Reached XP level 9. HP: 51/51 MP: 9/9
  3066 | Lair:1   | Reached skill level 10 in Axes
  3243 | Lair:2   | Noticed a cane toad
  3257 | Lair:2   | Killed a cane toad
  3275 | Lair:2   | Noticed a komodo dragon
  3278 | Lair:2   | Noticed a cane toad
  3361 | Lair:2   | Killed a komodo dragon
  3429 | Lair:2   | Found a staircase to the Swamp.
  3504 | Lair:2   | Killed a cane toad
  3557 | Lair:2   | Reached skill level 11 in Axes
  3588 | Lair:2   | Reached XP level 10. HP: 31/56 MP: 10/10
  3590 | Lair:2   | Noticed a four-headed hydra
  3635 | Lair:3   | Noticed a cane toad
  3641 | Lair:3   | Killed a cane toad
  3690 | Lair:3   | Noticed a death yak
  3690 | Lair:3   | Noticed a death yak
  3690 | Lair:3   | Noticed a death yak
  3690 | Lair:3   | Noticed a black mamba
  3692 | Lair:3   | Noticed a cane toad
  3693 | Lair:3   | Noticed a black mamba
  4471 | D:10     | Noticed a two-headed ogre
  4554 | D:11     | Noticed a six-headed hydra
  4613 | D:10     | Killed a two-headed ogre
  4623 | D:11     | Killed a six-headed hydra
  4624 | D:11     | Reached skill level 12 in Axes
  4624 | D:11     | Reached skill level 10 in Armour
  4961 | D:10     | Reached *** piety under Trog
  5012 | D:10     | Found a runed translucent door.
  5016 | D:10     | Noticed FuzzyBison's ghost (journeyman GrMo)
  5303 | D:10     | Found a staircase to the Orcish Mines.
  5308 | Orc:1    | Entered Level 1 of the Orcish Mines
  5313 | Orc:1    | Found Xoided's Jewellery Shop.
  5565 | Orc:2    | Entered Level 2 of the Orcish Mines
  5565 | Orc:2    | Found Itojue's Antique Armour Shop.
  5576 | Orc:1    | Reached XP level 11. HP: 27/61 MP: 11/11
  5832 | Orc:2    | Noticed an orc warlord
  5844 | Orc:1    | Slain by a fire elemental

Illustrated notes

Levels and vault maps discovered:
D:1:      giann_wishing_wells, layout_basic, serial_shops, nicolae_shop_trees,
          st_stairs_14, minmay_misc_feat_secret_circle
D:2:      layout_loops_cross, basic_altar, serial_park_tiny_pond,
          grunt_decor_fettered, kennysheep_generic_room_16, uniq_natasha
D:3:      layout_basic, chequers_ecumenical_altar_simple_redux
D:4:      layout_basic, serial_shops, shop_fountains, kennysheep_windowed_goal,
          uniq_robin, uniq_grinder
D:5:      kennysheep_kobold_camp, layout_loops_ring, kennysheep_flooded_box,
          minmay_fractal_squares_gapless_5
D:6:      layout_gridville, minmay_liquid_box, serial_park_tiny_1,
          grunt_decor_one_mirror
D:7:      layout_rooms, mainiacjoe_overflow_brackets, nicolae_overflows_in_rows,
          chequers_temple_overflow_minitemple, minmay_temple_entry_tees,
          enter_bailey_2, nicolae_ossuary_entry_false_entrances,
          uniq_crazy_yiuf_cottage, uniq_prince_ribbit1
D:8:      layout_basic, minmay_hedge_maze, uniq_maggie, uniq_joseph
D:10:     layout_rooms, lair_entry_dummy, hiddenorc1_lemuel,
          hellmonk_ghost_happy_afterlife, nicolae_zen_rock_garden,
          lightli_orcish_oven
D:11:     layout_cave_pods, st_stairs_11, uniq_grum
Lair:1:   beast_lair_carwin_large_1, layout_chaotic_city, basic_altar
Lair:2:   layout_long_grid, minmay_swamp_entry_reptiles, st_stairs_6,
          lemuel_fruit_tree
Lair:3:   layout_cave_pods, minmay_snake_entry_six_corridors,
          minmay_lindwurm_lava
Orc:1:    layout_caves, serial_shops, shop, abandoned_shop
Orc:2:    st_orc_ogre_mass, layout_caves, serial_shops,
          nicolae_shop_bloodbath_and_beyond, nicolae_shop_statue_plus,
          nicolae_shop_statue_plus, nicolae_shop_trees, shop, uniq_azrael

Skill      XL: |  1  2  3  4  5  6  7  8  9 10 |
---------------+-------------------------------+-----
Axes           | 3 4 5 6 7 8 9 11 12 | 12.3
Armour         | 5 8 10 | 10.7
Fighting       | 4 |  4.5
Dodging        | |  1.5

Action                   |  1- 3 |  4- 6 |  7- 9 | 10-12 || total
-------------------------+-------+-------+-------+-------++-------
Melee: Hand axe          |    61 |    56 |   341 |   252 ||   710
       Punch             |     1 |       |     6 |     2 ||     9
       War axe           |       |       |       |    30 ||    30
       Battleaxe         |       |       |       |    21 ||    21
Invok: Berserk           |     2 |     4 |    10 |     7 ||    23
  Use: Scroll            |       |       |     5 |     3 ||     8
Armor: Animal skin       |    15 |    24 |    47 |       ||    86
       Plate armour      |       |       |   138 |   264 ||   402
       Chain mail        |       |       |    22 |       ||    22
Dodge: Dodged            |    35 |    30 |   146 |   147 ||   358
